 Dungeon Crawl Stone Soup version 0.20.0-8-g6b59dc7 (webtiles) character file.

919 Amnesiac the Conjurer (level 7, -10/50 HPs)
             Began as a Centaur Fire Elementalist on May 30, 2017.
             Mangled by an ogre
             ... wielding a +0 giant club
              (23 damage)
             ... on level 4 of the Dungeon.
             The game lasted 00:08:55 (6563 turns).

Amnesiac the Conjurer (Centaur Fire Elementalist)   Turns: 6563, Time: 00:08:55

Health: -10/50     AC:  6    Str: 10    XL:     7   Next: 83%
Magic:  4/11       EV:  9    Int: 16    God:
Gold:   163        SH:  0    Dex: 10    Spells: 3/12 levels left

rFire    . . .     SeeInvis .   s - +2 dagger (venom)
rCold    . . .     Gourm    .   (no shield)
rNeg     . . .     Faith    .   a - +0 robe
rPois    .         Spirit   .   (no helmet)
rElec    .         Reflect  .   y - +1 cloak
rCorr    .         Harm     .   (no gloves)
MR       .....                  (no barding)
Stlth    +.........             (no amulet)
Regen    0.2/turn               (no ring)
MPRegen  0.2/turn               (no ring)

@: very quick
A: hooves 3, deformed body, speed 2, tough skin 3
a: no special abilities


You were on level 4 of the Dungeon.
You were not hungry.

You visited 1 branch of the dungeon, and saw 4 of its levels.

You collected 163 gold pieces.

Inventory:

Hand Weapons
 s - a +2 dagger of venom (weapon)
 z - a +4 quarterstaff of chaos
 A - a +3 scimitar of protection
Missiles
 g - 188 stones (quivered)
 p - a throwing net
 x - 60 poisoned needles
Armour
 a - a +0 robe (worn)
 y - a +1 cloak (worn)
Wands
 m - a wand of iceblast (8/15)
Scrolls
 e - a scroll of magic mapping {!r, unknown}
 f - 6 scrolls of teleportation {!r}
 i - 2 scrolls of immolation {!r}
 o - a scroll of enchant weapon {!r, unknown}
 v - a scroll of fear {!r, unknown}
 w - a scroll of fog {!r, unknown}
Potions
 j - a potion of mutation {!q, unknown}
 k - a potion of haste {!q, unknown}
 l - 3 potions of lignification {!q}
 n - a potion of brilliance {!q, unknown}
 q - 4 potions of heal wounds {!q}
 u - 2 potions of curing {!q}
Books
 b - a book of Flames

   Spells                             Type                      Level
   a - Flame Tongue                   Conjuration/Fire             1
   b - Throw Flame                    Conjuration/Fire             2
   c - Conjure Flame                  Conjuration/Fire             3
   d - Inner Flame                    Hexes/Fire                   3
   e - Sticky Flame                   Conjuration/Fire             4
   f - Fireball                       Conjuration/Fire             5
Comestibles
 c - 4 bread rations
 d - 3 chunks of flesh
 h - 2 royal jellies


   Skills:
 - Level 1.3 Dodging
 - Level 1.1 Stealth
 + Level 3.0 Spellcasting
 * Level 5.6 Conjurations
 * Level 5.6 Fire Magic


You had 3 spell levels left.
You knew the following spells:

 Your Spells              Type           Power        Failure   Level  Hunger
d - Fireball              Conj/Fire      ###.......   45%         5    ######.
e - Sticky Flame          Conj/Fire      ###.....     19%         4    #####..


Dungeon Overview and Level Annotations

Branches:
Dungeon (4/15)
 Temple: D:4-7

Altars:
Gozag
Trog


Innate Abilities, Weirdness & Mutations

You have hooves in place of feet.
Armour fits poorly on your strangely shaped body.
You cover ground very quickly.
You have extremely tough skin. (AC +3)


Message History

You closely miss the adder.
The adder is heavily wounded.
The adder bites you.
You barely miss the adder. You kick the adder.
You kill the adder!
You feel sick.
Natasha stares at you and mumbles some strange words.
The magic dart hits you! Natasha claws you!
* * * LOW HITPOINT WARNING * * *
You see here an adder corpse.
Casting: Sticky Flame
Confirm with . or Enter, or press ? or * to list all spells.
Aiming: Sticky Flame
Press: ? - help, Shift-Dir - straight line, f - Natasha
Aim: Natasha (unusually agile)
You miscast Sticky Flame.
You are very lightly contaminated with residual magic.
You are momentarily dazzled by a flash of light!
Natasha barely misses you.
Casting: Sticky Flame
Confirm with . or Enter, or press ? or * to list all spells.
Aiming: Sticky Flame
Press: ? - help, Shift-Dir - straight line, f/p - Natasha
Aim: Natasha (unusually agile)
The sticky flame hits Natasha.
Natasha is moderately wounded.
Natasha is covered in liquid flames!
Natasha burns!
Natasha howls an incantation.
Natasha's front paws start to glow.
Natasha claws you!
* * * LOW HITPOINT WARNING * * *
You are too injured to fight recklessly!
You closely miss Natasha.
Natasha is almost dead.
You feel sick.
Natasha burns!
You kill Natasha!
Natasha growls in agony!
Unknown command.
You start resting.
You feel sick. x3
You are no longer poisoned.
You start resting.
An ogre comes into view. It is wielding a giant club.
An ogre is nearby!
You start resting.
Your magical contamination has completely faded away.
You start resting.
An ogre is nearby!
The ogre shouts!
You see here an adder corpse.
You butcher the adder corpse.
You see here a chunk of flesh.
Some of the chunks of flesh in your inventory have rotted away.
Casting: Sticky Flame
Confirm with . or Enter, or press ? or * to list all spells.
Aiming: Sticky Flame
Press: ? - help, Shift-Dir - straight line, f - ogre
Aim: an ogre, wielding a giant club The sticky flame hits the ogre.
The ogre is moderately wounded.
The ogre is covered in liquid flames!
The ogre burns!
The ogre hits you with a giant club!!
You die...

#.....#.....###.#.##...##.####
#.....#.....>.................
#............##.#.........####
#..........#..#.#.##.####.####
#.....###..#..#.#.##.##.....##
# #O#.......#.#.#..)..###...
#.##%#.#..#..#.#.#.[)......##
#............#......##..)....
####.......O@................
#.........###.#.###.......
#..##...........# #.......
.....###.######..## #.......
#.###..............# #.......
#...####.#####.# #....... #...
.# #.####.###### #...# #
#........#### ...
###.####.....


You could see an ogre (burning).

Vanquished Creatures
  Sigmund (D:4)
  Duvessa (D:3)
  The ghost of mopl the Firebug, an amateur DEFE (D:3)
  Blork the orc (D:4)
  Dowan (D:4)
  Crazy Yiuf (D:3)
  2 orc priests (D:4)
  4 orc wizards
  Ijyb (D:3)
  Natasha (D:4)
  2 worker ants
  6 adders
  An ooze (D:1)
  A worm (D:3)
  A dart slug (D:2)
  2 leopard geckos (D:2)
  12 orcs
  2 ball pythons
  9 bats
  4 giant cockroaches
  9 goblins
  6 hobgoblins
  9 jackals
  13 kobolds
  A quokka (D:4)
  7 frilled lizards
  2 quokka skeletons (D:4)
  7 rats
108 creatures vanquished.

Notes
Turn   | Place    | Note
-------+----------+-------------------------------------------
     0 | D:1      | Amnesiac the Centaur Fire Elementalist began the quest for the Orb.
     0 | D:1      | Reached XP level 1. HP: 14/14 MP: 3/3
    33 | D:1      | Reached skill level 1 in Conjurations
   117 | D:1      | Reached XP level 2. HP: 20/20 MP: 1/4
   678 | D:1      | Reached XP level 3. HP: 11/26 MP: 0/5
  1830 | D:2      | Reached XP level 4. HP: 33/33 MP: 0/6
  2175 | D:2      | Learned a level 4 spell: Sticky Flame
  2628 | D:3      | Noticed mopl's ghost (amateur DEFE)
  2866 | D:3      | Killed mopl's ghost
  2866 | D:3      | Reached XP level 5. HP: 18/38 MP: 0/7
  2996 | D:3      | Noticed Ijyb
  3145 | D:3      | Killed Ijyb
  3341 | D:3      | Found an opulent altar of Gozag.
  4245 | D:3      | Found a runed door.
  4381 | D:3      | Noticed Crazy Yiuf
  4385 | D:3      | Killed Crazy Yiuf
  4385 | D:3      | Reached XP level 6. HP: 35/45 MP: 3/9
  4454 | D:4      | Noticed Blork the orc
  4466 | D:4      | Killed Blork the orc
  4693 | D:4      | Noticed Dowan
  4695 | D:4      | Noticed Duvessa
  5243 | D:4      | Killed Dowan
  5297 | D:3      | Killed Duvessa
  5297 | D:3      | Reached XP level 7. HP: 11/50 MP: 1/10
  5525 | D:3      | Learned a level 5 spell: Fireball
  5639 | D:4      | Reached skill level 5 in Fire Magic
  5747 | D:4      | Reached skill level 5 in Conjurations
  5948 | D:4      | Noticed Sigmund
  5962 | D:4      | Killed Sigmund
  6274 | D:4      | Found a bloodstained altar of Trog.
  6505 | D:4      | Noticed Natasha
  6517 | D:4      | Killed Natasha
  6563 | D:4      | Mangled by an ogre

Skill      XL: |  1  2  3  4  5  6  7 |
---------------+----------------------+-----
Conjurations   | 1 2 3 4 5 |  5.6
Fire Magic     | 3 4 5 |  5.6
Spellcasting   | 2 3 |  3.0
Dodging        | |  1.3
Stealth        | |  1.1

Action                   |  1- 3 |  4- 6 |  7- 9 || total
-------------------------+-------+-------+-------++-------
Melee: Unarmed           |    48 |    57 |       ||   105
       Kick              |     9 |     9 |    12 ||    30
       Dagger            |       |    22 |    62 ||    84
 Cast: Flame Tongue      |    55 |    98 |       ||   153
       Sticky Flame      |       |     6 |     9 ||    15
Evoke: Wand              |       |     3 |       ||     3
  Use: Scroll            |       |     4 |     5 ||     9
  Eat: Chunk             |     3 |    13 |     6 ||    22
Armor: Robe              |    38 |    34 |    31 ||   103
Dodge: Dodged            |    37 |    69 |    37 ||   143
